 Dungeon Crawl Stone Soup version 0.28-a0-1348-g050f3537b9 (webtiles) character file.

Game seed: 8915042823565567080

174239 HessuHobo the Warrior (level 17, 170/170 HPs)
             Began as a Minotaur Berserker on Dec 30, 2021.
             Was a High Priest of Trog.
             Quit the game on level 2 of the Snake Pit on June 3, 2022.
             The game lasted 01:10:10 (29274 turns).

HessuHobo the Warrior (Minotaur Berserker)         Turns: 29274, Time: 01:10:11

Health: 170/170    AC: 24    Str: 29    XL:     17   Next: 44%
Magic:  16/16      EV: 11    Int:  4    God:    Trog [*****.]
Gold:   1928       SH: 15    Dex: 11    Spells: 16/16 levels left

rFire   + + .      SeeInvis .   a - +6 shillelagh "Devastator" {shatter}
rCold   + . .      Faith    .   K - +2 kite shield of Limited Liability {rN+}
rNeg    + + .      Spirit   .   i - +0 pearl dragon scales
rPois   +          Reflect  .   S - +0 hat
rElec   .          Harm     .   k - scarf {rC+ rF+}
rCorr   .          Rampage  .   X - +1 pair of gloves {infuse}
Will    +....                   U - +2 pair of boots
Stlth   ..........              s - amulet of regeneration
HPRegen 1.18/turn               T - ring of protection from fire
MPRegen 0.15/turn               l - ring of poison resistance

@: no status effects
A: horns 2, retaliatory headbutt
a: Renounce Religion, Berserk, Trog's Hand, Brothers in Arms


You were on level 2 of the Snake Pit.
You worshipped Trog.
Trog was extremely pleased with you.
You visited 3 branches of the dungeon, and saw 23 of its levels.
You also visited: Bailey and Gauntlet.

You collected 3003 gold pieces.
You spent 1075 gold pieces at shops.

Inventory:

Hand Weapons
 a - the +6 shillelagh "Devastator" (weapon) {shatter}
   (You found it on level 8 of the Dungeon)

   It releases a powerful concussive burst when it strikes, dealing extra damage
   to the target and all other foes adjacent to them.
 b - a +0 hand crossbow
 N - a +2 antimagic dire flail
 R - a +2 broad axe of distortion
Missiles
 B - 165 bolts (quivered)
Armour
 i - +0 pearl dragon scales (worn)
 k - a scarf of resistance (worn)
 K - the +2 kite shield of Limited Liability (worn) {rN+}
   (You found it on level 6 of the Dungeon)

   rN:        It protects you from negative energy.
 S - a +0 hat (worn)
 U - a +2 pair of boots (worn)
 X - a +1 pair of gloves of infusion (worn)
Jewellery
 f - a ring of willpower
 l - a ring of poison resistance (right hand)
 p - a ring of flight
 s - an amulet of regeneration (around neck)
 T - a ring of protection from fire (left hand)
 W - the ring of Kioniod {*Corrode rC+ EV+4 Slay+6 SInv}
   (You bought it in a shop on level 7 of the Dungeon)

   [ring of evasion]

   EV:        It affects your evasion (+4).
   Slay:      It affects your accuracy & damage with ranged weapons and melee
   (+6).
   rC:        It protects you from cold.
   SInv:      It lets you see invisible.
   *Corrode:  It may corrode you when you take damage.
Wands
 e - a wand of polymorph (10)
 x - a wand of charming (5)
 F - a wand of iceblast (16)
 H - a wand of paralysis (2)
 V - a wand of digging (2)
 Y - a wand of acid (5)
 Z - a wand of flame (11)
Scrolls
 m - 2 scrolls of fog
 n - 5 scrolls of immolation
 o - 2 scrolls of acquirement
 r - 9 scrolls of teleportation
 t - 5 scrolls of magic mapping
 C - 2 scrolls of enchant armour
 J - 2 scrolls of summoning
 L - 2 scrolls of holy word
 M - 4 scrolls of enchant weapon
 O - 3 scrolls of fear
 P - 3 scrolls of blinking
Potions
 d - a potion of cancellation {unknown}
 g - 2 potions of ambrosia
 j - 2 potions of resistance
 u - 7 potions of heal wounds
 v - 2 potions of mutation
 w - 2 potions of berserk rage
 y - 13 potions of curing
 z - 2 potions of degeneration {unknown}
 A - 3 potions of might
 D - 4 potions of lignification
 E - 9 potions of haste
 G - 2 potions of flight {unknown}
 Q - 2 potions of invisibility {unknown}
Miscellaneous
 c - a phial of floods
 h - a piece from Xom's chessboard (15/15)
 q - a phantom mirror
 I - a box of beasts


   Skills:
 + Level 19.8 Fighting
 - Level 9.7(12.7) Axes
 + Level 13.1(14.3) Maces & Flails
 - Level 10.0 Crossbows
 - Level 18.0 Armour
 + Level 3.8 Dodging
 - Level 15.0 Shields
 + Level 8.4 Evocations


You had 16 spell levels left.
You didn't know any spells.
Your spell library was empty.

Dungeon Overview and Level Annotations

Branches:
Dungeon (15/15)            Temple (0/1) D:4            Lair (6/6) D:9
  Snake (2/4) Lair:4       Spider (0/4) Lair:2        Slime (0/5) Lair:5
    Orc (0/2) D:9          Vaults (0/5) D:13         Depths (0/4) D:15
 Bailey (visited)         Gauntlet (visited)

Altars:
Ashenzari
Cheibriados
Dithmenos
Fedhas
Gozag
Makhleb
Okawaru
Sif Muna
Trog
Uskayaw
Vehumet
Wu Jian
Xom
The Shining One

Shops:
D:7 =   D:12 [

Annotations:
D:10 1 exclusion
D:11 1 runed translucent door, Peloso's ghost, journeyman MiFi
Lair:2 exclusion: downstairs
Lair:4 2 transporters, Conn's ghost, journeyman OpFE
Lair:6 exclusion: obsidian statue
Snake:1 exclusion: downstairs


Innate Abilities, Weirdness & Mutations

You have a pair of horns on your head.
You reflexively headbutt those who attack you in melee.


Message History

You miss the anaconda. Your headbutt misses the anaconda.
The anaconda is lightly wounded.
You block the anaconda's attack. x2
You thump the anaconda!
The anaconda shudders.
The anaconda is severely wounded. x2
The anaconda barely misses you. You furiously retaliate!
You headbutt the anaconda. The anaconda barely misses you.
You barely miss the anaconda. Your headbutt misses the anaconda.
The anaconda is severely wounded.
The anaconda closely misses you. You block the anaconda's attack.
You sock the anaconda!
The anaconda shudders.
You kill the anaconda!
Trog accepts your kill.
No target in view!
No target in view!
No target in view!
No target in view!
HP restored.
You now have enough gold to buy a +7 ring of slaying on D:7.
You can access your shopping list by pressing '$'.
You now have 1907 gold pieces (gained 26).
Found a buckler.
You now have 1928 gold pieces (gained 21).
Your pack is full.
You see here a scroll of identify.
Your pack is full.
You see here a scroll of identify.
Could not pick up an item here; shall I ignore it? [Y]es or [N]o only, please.
Could not pick up an item here; shall I ignore it? [Y]es or [N]o only, please.
Could not pick up an item here; shall I ignore it? [Y]es or [N]o only, please.
Could not pick up an item here; shall I ignore it?
Okay, then.
Welcome back, HessuHobo the Minotaur Berserker.
Trog says: Kill them all!
Press ? for a list of commands and other information.
Okay, then.
Are you sure you want to abandon this character and quit the game? (Confirm with "yes".)

#######
#####.....###########
................@?..#
...........########.#
...........########.#
..........##........#
#####....###.###..###
.## ###..# .##....##
..## #..# #.#......##
...## #..###.#....>..#
....###..##..........#


There were no monsters in sight!

Vanquished Creatures
  Agnes (D:15)
  Kirke (D:12)
  A nagaraja (Snake:2)
  3 dire elephants (Lair:6)
  A minotaur (Gauntlet)
  11 hydras
  8 vault guards (D:13)
  2 boulder beetles (D:12)
  The ghost of Pioh the Destroyer, a journeyman DECj of Vehumet (Lair:2)
  2 naga warriors
  An ogre mage (D:15)
  5 centaur warriors
  An alligator snapping turtle (Snake:2)
  9 anacondas
  10 death yaks
  A catoblepas (Lair:3)
  8 two-headed ogres
  An alligator (Snake:2)
  2 tengu warriors (D:14)
  4 naga sharpshooters (Snake:2)
  A vampire mage (D:15)
  4 shock serpents
  2 thrashing horrors (Gauntlet)
  2 spectral death yaks (Lair:6)
  A titan skeleton (D:15)
  2 goliath frogs (Snake:2)
  2 skeletal warriors (D:15)
  3 sea snakes (Snake:2)
  2 naga ritualists (Snake:2)
  A steelbarb worm (shapeshifter) (D:10)
  3 orc knights
  A wolf spider (D:14)
  2 mana vipers (Snake:2)
  3 deep elf pyromancers
  4 necromancers
  A fire giant zombie (D:15)
  8 cyclopes
  A manticore (D:11)
  14 ugly things
  A fire giant skeleton (D:15)
  13 elephants
  A centaur zombie (D:11)
  32 black mambas
  4 naga magi
  A torpor snail (Lair:6)
  3 guardian serpents (Snake:2)
  2 gargoyles
  8 cane toads
  10 rime drakes
  4 kobold demonologists
  15 komodo dragons
  2 unseen horrors
  2 freezing wraiths
  2 yaktaurs (D:10)
  A polar bear (Lair:4)
  A troll (D:15)
  2 hornets
  A spectral elephant (Lair:6)
  8 slime creatures
  19 blink frogs
  3 flying skulls (Gauntlet)
  3 snapping turtles (Snake:2)
  5 spriggans (Bailey)
  2 shadows
  A vampire (D:11)
  A water elemental (D:14)
  7 wyverns
  2 hogs (shapeshifter)
  Grum (D:11)
  3 wraiths
  62 yaks
  6 basilisks
  4 hogs (D:12)
  3 death yak simulacra (Lair:6)
  A spectral cane toad (Lair:6)
  10 steam dragons
  Menkaure (D:4)
  10 vampire mosquitoes
  23 water moccasins
  18 nagas
  4 small abominations (Gauntlet)
  2 acid dragons
  6 orc warriors
  2 black bears (D:6)
  An elephant zombie (Lair:6)
  3 ice beasts
  A sky beast (D:6)
  10 ogres
  A necrophage (D:8)
  3 boggarts
  13 centaurs
  24 wolves
  4 elephant skeletons (Lair:6)
  A phantom (D:6)
  2 kobold brigands
  15 bullfrogs
  A gnoll sergeant (D:13)
  2 cane toad simulacra (Lair:6)
  2 scorpions (D:6)
  A water moccasin zombie (D:5)
  A tengu zombie (D:15)
  An elephant simulacrum (Lair:6)
  10 killer bees
  8 wights
  4 electric eels
  3 hounds
  A bullfrog skeleton (D:5)
  A centaur skeleton (D:5)
  3 orc priests
  2 gnoll shamans
  4 jellies (Lair:5)
  13 iguanas
  An iron imp (D:8)
  Natasha (D:2)
  7 orc wizards
  A hound zombie (D:5)
  A howler monkey skeleton (D:7)
  10 gnolls
  6 adders
  A river rat (D:6)
  2 white imps
  An adder skeleton (D:4)
  3 worms
  2 dart slugs (D:1)
  17 orcs
  6 ball pythons
  9 endoplasms
  3 giant cockroaches
  6 goblins
  4 hobgoblins
  28 kobolds
  6 quokkas
  4 bats
  5 frilled lizards
  10 rats
711 creatures vanquished.

Vanquished Creatures (collateral kills)
  A dire elephant (Lair:6)
  A spectral anaconda (Lair:6)
  A necromancer (Lair:6)
  2 slime creatures (D:13)
5 creatures vanquished.

Vanquished Creatures (others)
  A rime drake (Lair:3)
  A human (D:12)
  A boggart (D:14)
  23 fungi
  75 plants
  38 withered plants
139 creatures vanquished.

Grand Total: 855 creatures vanquished

Notes
Turn   | Place    | Note
-------+----------+-------------------------------------------
     0 | D:1      | HessuHobo the Minotaur Berserker began the quest for the
                  | Orb.
     0 | D:1      | Reached XP level 1. HP: 19/19 MP: 0/0
   656 | D:1      | Reached XP level 2. HP: 21/27 MP: 1/1
   910 | D:1      | Reached skill level 4 in Fighting
  1414 | D:2      | Reached XP level 3. HP: 28/33 MP: 2/2
  1922 | D:2      | Noticed Natasha
  1930 | D:2      | Killed Natasha
  2160 | D:2      | Reached ** piety under Trog
  2498 | D:3      | Reached XP level 4. HP: 39/41 MP: 3/3
  3053 | D:3      | Reached skill level 5 in Axes
  3053 | D:3      | Reached XP level 5. HP: 45/47 MP: 4/4
  3264 | D:3      | Reached skill level 5 in Fighting
  3600 | D:3      | Found an iron altar of Okawaru.
  3600 | D:3      | Found a shimmering blue altar of Sif Muna.
  3608 | D:3      | Found an opulent altar of Gozag.
  3610 | D:3      | Found a faded altar of an unknown god.
  3612 | D:3      | Found a glowing golden altar of the Shining One.
  3890 | D:4      | Found a staircase to the Ecumenical Temple.
  4091 | D:4      | Noticed Menkaure
  4098 | D:4      | Killed Menkaure
  4099 | D:4      | Reached XP level 6. HP: 55/56 MP: 5/5
  4221 | D:4      | Found a blossoming altar of Fedhas.
  4896 | D:5      | Entered Level 5 of the Dungeon
  4912 | D:5      | Reached skill level 5 in Armour
  5031 | D:5      | Noticed a wraith
  5046 | D:5      | Killed a wraith
  5047 | D:5      | Reached skill level 6 in Fighting
  5047 | D:5      | Reached skill level 1 in Crossbows
  5056 | D:5      | Reached XP level 7. HP: 63/63 MP: 6/6
  5181 | D:5      | Identified 2 scrolls of acquirement
  5394 | D:5      | Found a shadowy altar of Dithmenos.
  5397 | D:5      | Reached *** piety under Trog
  5579 | D:5      | Reached skill level 7 in Fighting
  5579 | D:5      | Reached XP level 8. HP: 58/73 MP: 7/7
  6447 | D:6      | Found a bloodstained altar of Trog.
  6468 | D:6      | Reached skill level 1 in Shields
  6609 | D:6      | Identified the +2 kite shield of Limited Liability {rN+}
  7227 | D:6      | Reached skill level 8 in Fighting
  7227 | D:6      | Reached XP level 9. HP: 77/81 MP: 8/8
  7231 | D:6      | Reached skill level 5 in Crossbows
  7394 | D:7      | Found a broken altar of Ashenzari.
  7455 | D:7      | Found a burning altar of Makhleb.
  7529 | D:7      | Reached **** piety under Trog
  7771 | D:7      | Found Hilyudoi's One-of-a-Kind Rings.
  8074 | D:8      | Found an ornate altar of the Wu Jian Council.
  8117 | D:8      | Found a flagged portal.
  8130 | Bailey   | Entered a bailey
  8173 | Bailey   | Reached skill level 9 in Fighting
  8178 | Bailey   | Reached skill level 5 in Shields
  8253 | Bailey   | Reached XP level 10. HP: 77/91 MP: 9/9
  8329 | Bailey   | Noticed a two-headed ogre
  8333 | Bailey   | Killed a two-headed ogre
  8446 | D:8      | Found a radiant altar of Vehumet.
  8622 | D:8      | Found a snail-covered altar of Cheibriados.
  8862 | D:8      | Found the +6 shillelagh "Devastator" {shatter}
  9574 | D:9      | Noticed a two-headed ogre
  9580 | D:9      | Killed a two-headed ogre
  9581 | D:9      | Reached skill level 10 in Fighting
  9581 | D:9      | Reached skill level 1 in Maces & Flails
  9772 | D:9      | Found a staircase to the Orcish Mines.
  9824 | D:9      | Noticed a two-headed ogre
  9830 | D:9      | Killed a two-headed ogre
  9866 | D:9      | Noticed a +0 spear
  9866 | D:9      | Noticed a +0 short sword
  9866 | D:9      | Noticed a +0 dagger
  9867 | D:9      | Noticed a +0 falchion
  9868 | D:9      | Noticed a +0 falchion
  9868 | D:9      | Noticed a +0 short sword
  9868 | D:9      | Noticed a +0 dagger
  9869 | D:9      | Noticed a +0 spear
  9874 | D:9      | Found a staircase to the Lair.
  9882 | D:9      | Found a hide-covered altar of Uskayaw.
 10227 | D:9      | Reached ***** piety under Trog
 10594 | D:10     | Entered Level 10 of the Dungeon
 10605 | D:10     | Reached skill level 10 in Armour
 10654 | D:10     | Noticed a cyclops
 10654 | D:10     | Noticed a cyclops
 10654 | D:10     | Noticed a cyclops
 10654 | D:10     | Noticed a centaur warrior
 10654 | D:10     | Noticed an orc knight
 10654 | D:10     | Noticed a four-headed hydra
 10687 | Lair:1   | Entered Level 1 of the Lair of Beasts
 10705 | Lair:1   | Reached XP level 11. HP: 79/101 MP: 10/10
 11003 | Lair:1   | Reached skill level 11 in Fighting
 11011 | Lair:1   | Noticed an eight-headed hydra
 11038 | Lair:1   | Killed an eight-headed hydra
 11039 | Lair:1   | Reached skill level 5 in Maces & Flails
 11759 | Lair:2   | Found a hole to the Spider Nest.
 11759 | Lair:2   | Noticed an orb spider
 12077 | Lair:2   | Noticed a five-headed hydra
 12084 | Lair:2   | Killed a five-headed hydra
 12085 | Lair:2   | Reached XP level 12. HP: 96/111 MP: 11/11
 12262 | Lair:2   | Noticed a six-headed hydra
 12264 | Lair:2   | Noticed Pioh's ghost (journeyman DECj)
 12266 | Lair:2   | You fall into a shaft and drop 1 floor!
 12320 | Lair:2   | Found a runed translucent gate.
 12321 | Lair:2   | Found a runed translucent gate.
 12341 | Lair:2   | Reached skill level 12 in Fighting
 12366 | Lair:2   | Found a runed translucent gate.
 12882 | Lair:3   | Reached skill level 10 in Shields
 12882 | Lair:3   | Reached XP level 13. HP: 119/119 MP: 12/12
 12883 | Lair:3   | Reached skill level 13 in Fighting
 12883 | Lair:3   | Reached XP level 14. HP: 129/129 MP: 13/13
 13424 | Lair:3   | Reached skill level 10 in Crossbows
 13439 | Lair:3   | Reached skill level 10 in Maces & Flails
 13483 | Lair:3   | Reached skill level 14 in Fighting
 14323 | Lair:4   | Found a transporter.
 14330 | Lair:4   | Found a bloodstained altar of Trog.
 14330 | Lair:4   | Noticed Conn's ghost (journeyman OpFE)
 14386 | Lair:4   | Received a gift from Trog
 14802 | Lair:4   | Found a staircase to the Snake Pit.
 15331 | Lair:4   | Found a transporter.
 15332 | Lair:4   | Identified the +4 ring mail of Thoughtfulness {rCorr Int+3
                  | Dex+6}
 15758 | Lair:5   | Found a staircase to the Slime Pits.
 15829 | Lair:5   | Reached XP level 15. HP: 118/139 MP: 14/14
 15905 | Lair:5   | Found a gate leading to a gauntlet.
 15919 | Gauntlet | Entered a Gauntlet
 15919 | Gauntlet | Found a transporter.
 15919 | Gauntlet | Found a runed translucent door.
 15919 | Gauntlet | Found a transporter.
 15919 | Gauntlet | Found a runed translucent door.
 15920 | Gauntlet | Found a transporter.
 15921 | Gauntlet | Found a transporter.
 15922 | Gauntlet | Found a transporter.
 15924 | Gauntlet | Found a transporter.
 15930 | Gauntlet | Found a transporter.
 15933 | Gauntlet | Found a transporter.
 15935 | Gauntlet | Found a transporter.
 15937 | Gauntlet | Found a transporter.
 15943 | Gauntlet | Found a transporter.
 15943 | Gauntlet | Found a transporter.
 16286 | Gauntlet | Reached skill level 15 in Fighting
 16991 | Lair:6   | Entered Level 6 of the Lair of Beasts
 17003 | Lair:6   | Reached skill level 1 in Evocations
 17020 | Lair:6   | Reached ****** piety under Trog
 17165 | Lair:6   | Reached skill level 15 in Armour
 17552 | Lair:6   | Identified the +8 flail of Tenacity {vorpal, Str+4} (Trog
                  | gifted it to you on level 6 of the Lair of Beasts)
 17552 | Lair:6   | Received a gift from Trog
 18855 | Lair:6   | Received a gift from Trog
 19071 | Lair:6   | Acquired 1078 gold pieces
 19073 | Lair:6   | Acquired the +1 cloak of Starlight {*Dazzle EV+4 Stlth--}
 19073 | Lair:6   | Found the +1 cloak of Starlight {*Dazzle EV+4 Stlth--}
 19319 | D:10     | Reached skill level 16 in Fighting
 20153 | D:11     | Noticed Grum
 20166 | D:11     | Killed Grum
 20610 | D:11     | Found a runed translucent door.
 20612 | D:11     | Found a shimmering altar of Xom.
 20612 | D:11     | Noticed Peloso's ghost (journeyman MiFi)
 20986 | Lair:2   | Reached skill level 5 in Evocations
 20988 | Lair:2   | Killed Pioh's ghost
 20989 | Lair:2   | Reached XP level 16. HP: 151/151 MP: 10/15
 21861 | D:12     | You fall into a shaft and drop 3 floors!
 21861 | D:15     | Entered Level 15 of the Dungeon
 21875 | D:14     | Received a gift from Trog
 22115 | D:14     | Reached skill level 15 in Shields
 22431 | D:12     | Noticed Kirke
 22440 | D:12     | Killed Kirke
 22632 | D:12     | Found Isudeoh's Armour Emporium.
 22640 | D:12     | Bought a +2 pair of boots for 264 gold pieces
 23146 | D:13     | Found a gate to the Vaults.
 23207 | D:13     | Reached skill level 17 in Fighting
 25017 | D:14     | in_shop
 25214 | D:7      | seeinv
 25214 | D:7      | Bought the ring of Kioniod {*Corrode rC+ EV+4 Slay+6 SInv}
                  | for 811 gold pieces
 25495 | D:15     | Received a gift from Trog
 25572 | D:15     | Noticed Agnes
 25581 | D:15     | Killed Agnes
 26078 | D:15     | Found a staircase to the Depths.
 26577 | Snake:1  | Entered Level 1 of the Snake Pit
 26731 | Snake:1  | Reached skill level 18 in Fighting
 27459 | Snake:1  | Reached XP level 17. HP: 165/165 MP: 13/16
 28061 | Snake:2  | Reached skill level 19 in Fighting
 28100 | Snake:2  | Received a gift from Trog
 29274 | Snake:2  | Quit the game

Illustrated notes ### ### ### #.# #.###########.# #.# #.............# #.# #^###########.# ###.## #.# #.# .....# #.# #.# ###..# #.###########.# .....######.#...@.......# ###.........#...........# ##........#...........# #.#####..###########.######### ####........# #.#........ ............# #...####### ....######..###########...# .##.# #................# .##.# #.############...# Turn 25017 on D:14: in_shop

#.# #.##.#.)# #<.......##
#.# ##.##.#..# ##.##.#.##.
#.#####...#.#..####.##.#.###
#.......#......).........##∩
#######...#.#.########.#####
##..###......# #...# #
#..#...#####.# #######
##.#.....# #.# #. #..#..@..#
#.# ## #..#.....# #.# #
#...#...## #.# # #.#..###.#
#.# #
#...#.##.####.#########
###.#.##...............
#.#............######
#.###.#..##.##.#
#.###.....#.##.#


Turn 25214 on D:7: seeinv

Levels and vault maps discovered:
D:1:      nzn_arrival_depleted_hourglass, layout_loops_corners, st_stairs_10,
          minmay_circled_x
D:2:      layout_loops_ring, serial_rivers, chequers_serial_rivers_micro_c,
          chequers_serial_rivers_micro_e, chequers_serial_rivers_room_a,
          chequers_serial_rivers_micro_d, uniq_natasha
D:3:      layout_basic, chequers_temple_overflow_minitemple, minmay_starry_boxes
D:4:      nicolae_cairo_tiling, layout_loops_ring, mainiacjoe_overflow_brackets,
          minmay_temple_entry_fiery, grunt_decor_one_mirror, grunt_ministairs_4,
          uniq_menkaure
D:5:      nicolae_cairo_tiling_large_dashed, layout_basic, grunt_dithmenos_smoke
D:6:      layout_basic, trog_butcher_becter, gup_sewer_entry_spiral,
          minmay_increasing_density
D:7:      layout_loops_ring, ashenzari_conservatory_becter,
          makhleb_heckhound_becter, wad_floor_pattern_untrapped,
          nicolae_shop_unique_rings
D:8:      layout_gridville, vehumet_crystals, nicolae_wu_jian_wuxing_cycle,
          slow_altar_2, enter_bailey_2, fungi_pond_lemuel, minivault_21,
          minmay_holes, st_stairs_7, minmay_misc_feat_rugged, kennysheep_nub
D:9:      layout_basic, nicolae_uskayaw_en_pointe, lair_entry_dummy, orc_0_dummy
D:10:     minmay_the_grid_triangle_9x9_recursive_2
          [minmay_the_grid_triangle_9x9_prize_insulated,
          minmay_the_grid_triangle_9x9_intruding_spiral,
          minmay_the_grid_triangle_9x9_descending_squares,
          minmay_the_grid_triangle_9x9_zippers_vertical], layout_cave_pools,
          kennysheep_big_empty_room
D:11:     layout_basic, ebering_ghost_xom, uniq_grum
D:12:     minmay_cornered_nines, layout_loops_corners, serial_shops, shop,
          uniq_kirke
D:13:     layout_big_octagon, erik_vaults_2, glass_columns_a
D:14:     layout_basic, kennysheep_cluttered_room
D:15:     gammafunk_depths_entry_grave, layout_loops_ring,
          nicolae_figureground_pulse, uniq_agnes
Lair:1:   beast_lair_carwin_large_4, layout_long_grid, serial_bayou_shore_b,
          infiniplex_staircase_pool_2
Lair:2:   layout_cave_pods, nicolae_spider_entry_orb_guardian,
          gammafunk_ghost_split
Lair:3:   layout_cave_pods, enter_volcano_4, serial_forest,
          infiniplex_forest_clump_tiny, infiniplex_forest_side_room,
          infiniplex_forest_lined_corner, infiniplex_forest_clump_large,
          bobbens_dragon_lair_wall
Lair:4:   layout_gridlike, minmay_snake_entry_six_corridors,
          gammafunk_ghost_wrathful_warriors, beast_lair_carwin_2
Lair:5:   layout_loops_ring, nicolae_slime_entry_slimehenge,
          gauntlet_entry_generic, lemuel_fruit_tree
Lair:6:   due_jungle_book, layout_gridlike, serial_forest,
          infiniplex_forest_lined_room_, infiniplex_forest_join,
          infiniplex_forest_lined_room_3, infiniplex_forest_zigzag_1,
          infiniplex_forest_straight_2
Snake:1:  layout_gridlike, st_stairs_5
Snake:2:  layout_gridlike, ebering_ghost_reflecting_pool, grunt_ministairs_10,
          st_stairs_11, serial_bayou_pond_b,
          nicolae_snake_herptile_family_reunion

Skill      XL: |  1  2  3  4  5  6  7  8  9 10 11 12 13 14 15 16 17 |
---------------+----------------------------------------------------+-----
Fighting       | 4 5 6 7 8 9 10 11 12 13 14 16 18 19 | 19.8
Axes           | 4 5 6 7 8 9 |  9.7
Armour         | 3 4 5 6 7 8 10 11 12 13 14 16 18 | 18.0
Crossbows      | 1 3 4 6 7 9 10 | 10.0
Shields        | 3 5 7 9 10 11 13 14 15 | 15.0
Maces & Flails | 3 6 8 9 11 12 13 | 13.1
Evocations     | 5 8 |  8.4
Dodging        | 3 |  3.8

Action                   |  1- 3 |  4- 6 |  7- 9 | 10-12 | 13-15 | 16-18 || total
-------------------------+-------+-------+-------+-------+-------+-------++-------
Melee: Hand axe          |    63 |    31 |       |       |       |       ||    94
       Headbutt          |     7 |     8 |    27 |    39 |   135 |   101 ||   317
       Broad axe         |       |    46 |   189 |    41 |       |       ||   276
       Shillelagh        |       |       |       |   184 |   569 |   465 ||  1218
 Fire: Hand crossbow     |       |       |       |       |    71 |   302 ||   373
Invok: Berserk           |     1 |     1 |       |     1 |       |       ||     3
       Trog's Hand       |       |       |     1 |     1 |     3 |     4 ||     9
       Brothers in Arms  |       |       |       |       |     1 |     1 ||     2
Evoke: Wand              |       |       |       |       |     1 |     5 ||     6
       Phial of floods   |       |       |       |       |       |     1 ||     1
  Use: Scroll            |       |       |     6 |    11 |     5 |     7 ||    29
       Potion            |       |       |       |     1 |     4 |     2 ||     7
Armor: Animal skin       |     4 |       |       |       |       |       ||     4
       Leather armour    |     8 |     9 |       |       |       |       ||    17
       Ring mail         |       |     9 |       |       |       |       ||     9
       Chain mail        |       |    14 |    22 |       |       |       ||    36
       Pearl dragon scal |       |       |    59 |    84 |   224 |   145 ||   512
Dodge: Dodged            |    42 |    54 |   107 |   100 |   163 |   176 ||   642
Block: Kite shield       |       |       |    66 |   147 |   355 |   335 ||   903

Table legend: (Time is in decaauts)
 A = Elapsed time spent in this place.
 B = Non-inter-level travel time spent in this place.
 C = Inter-level travel time spent in this place.
 D = Time resting spent in this place.
 E = Time spent auto-exploring this place.
 F = Levels seen in this place.
 G = Mean time per level.
                   A        B        C        D        E       F      G
               +--------+--------+--------+--------+--------+-----+--------+
         Total |  29117 |  26715 |   2402 |   6285 |  15259 |  25 | 1164.7 |
       Dungeon |  17425 |  15732 |   1693 |   3655 |   9382 |  15 | 1161.7 |
          Lair |   8188 |   7552 |    636 |   1841 |   4374 |   6 | 1364.7 |
     Snake Pit |   2598 |   2526 |     72 |    769 |   1196 |   2 | 1299.0 |
        Bailey |    324 |    324 |      0 |     19 |     42 |   1 |  324.0 |
      Gauntlet |    580 |    580 |      0 |      0 |    264 |   1 |  580.0 |
               +--------+--------+--------+--------+--------+-----+--------+

Top non-repeatable levels by time:
  Lair:6: 2070 daAuts
    D:14: 1593 daAuts
  Lair:3: 1476 daAuts
    D:12: 1470 daAuts
  Lair:4: 1459 daAuts
     D:1: 1413 daAuts
  Lair:2: 1369 daAuts
 Snake:2: 1352 daAuts
     D:3: 1348 daAuts
     D:8: 1270 daAuts
     D:6: 1256 daAuts
 Snake:1: 1245 daAuts
     D:5: 1182 daAuts
     D:2: 1158 daAuts
     D:9: 1153 daAuts
